 Dungeon Crawl Stone Soup version 0.24.1-8-ga250c9d538 (webtiles) character file.

Game seed: 3158402257121298739, levelgen mode: deterministic

9108 CrazyMind the Thrower (level 11, -4/115 HPs)
             Began as an Ogre Hunter on May 2, 2020.
             Was an Elder of Okawaru.
             Slain by an unseen horror (9 damage)
             ... on level 10 of the Dungeon.
             The game lasted 00:53:44 (14121 turns).

CrazyMind the Thrower (Ogre Hunter)                Turns: 14121, Time: 00:53:45

Health: -4/115     AC:  3    Str: 21    XL:     11   Next: 41%
Magic:  13/15      EV: 22    Int: 12    God:    Okawaru [****..]
Gold:   645        SH:  0    Dex: 14    Spells: 10/10 levels left

rFire    . . .     SeeInvis .   s - +0 war axe (chop)
rCold    . . .     Gourm    .   (no shield)
rNeg     . . .     Faith    .   b - +0 robe
rPois    .         Spirit   .   L - +0 hat
rElec    .         Reflect  .   (no cloak)
rCorr    .         Harm     .   (gloves unavailable)
MR       +....                  (boots unavailable)
Stlth    ++++......             F - amulet of regeneration
HPRegen  0.69/turn              (no ring)
MPRegen  0.14/turn              (no ring)

@: agile, heroism
A: large, unfitting armour, tough skin 1
a: Heroism, Renounce Religion


You were on level 10 of the Dungeon.
You worshipped Okawaru.
Okawaru was greatly pleased with you.
You were not hungry.

You visited 2 branches of the dungeon, and saw 11 of its levels.
You also visited: Ossuary.

You collected 645 gold pieces.

Inventory:

Hand Weapons
 s - a +0 war axe of chopping (weapon)
 I - a +0 flail of holy wrath
Missiles
 d - 18 large rocks
 k - 109 stones
 u - 16 poisoned darts
 A - 20 boomerangs (quivered)
 C - an atropa-tipped dart
 N - 7 javelins
 P - 7 curare-tipped darts
 Q - 2 silver boomerangs
Armour
 b - a +0 robe (worn)
 L - a +0 hat (worn)
Jewellery
 F - an amulet of regeneration (around neck)
Wands
 n - a wand of flame (11)
 o - a wand of enslavement (4)
 y - a wand of digging (11)
 E - a wand of iceblast (17)
 H - a wand of disintegration (13)
 M - a wand of polymorph (8)
Scrolls
 c - 2 scrolls of blinking {unknown}
 g - 4 scrolls of remove curse
 i - 10 scrolls of identify
 j - 3 scrolls of magic mapping
 l - 2 scrolls of enchant weapon {unknown}
 r - 2 scrolls of fog {unknown}
 t - 5 scrolls of teleportation
 w - a scroll of amnesia {unknown}
 D - 2 scrolls of enchant armour {unknown}
 J - a scroll of vulnerability {unknown}
 O - a scroll of fear {unknown}
Potions
 a - a potion of haste
 e - 3 potions of agility
 h - a potion of flight
 m - 2 potions of magic
 p - 2 potions of mutation
 q - 2 potions of degeneration {unknown}
 v - 2 potions of brilliance {unknown}
 x - 2 potions of resistance {unknown}
 z - 4 potions of cancellation
 B - 2 potions of berserk rage {unknown}
 G - 2 potions of lignification {unknown}
Comestibles
 f - 32 rations
 K - 6 chunks of flesh


   Skills:
 + Level 9.4(14.4) Fighting
 + Level 9.8(14.8) Axes
 + Level 10.3(15.3) Throwing
 + Level 6.4(11.4) Dodging
 - Level 0.6(5.6) Stealth
 * Level 5.5 Invocations
 + Level 0.1 Evocations


You had 10 spell levels left.
You didn't know any spells.
Your spell library contained the following spells:

 Spells                   Type           Power        Failure   Level  Hunger
 Confusing Touch          Hex            #.....       32%         1    ##.....
 Sandblast                Erth           #.....       32%         1    ##.....
 Passwall                 Tmut/Erth      #.......     45%         2    ###....
 Confuse                  Hex            #.......     69%         3    ####...
 Gell's Gravitas          Tloc           #.........   69%         3    ####...
 Stone Arrow              Conj/Erth      #.....       69%         3    ####...
 Petrify                  Tmut/Erth      #.......     97%         4    #####..
 Lee's Rapid Deconstruct  Erth           #.........   100%        5    ######.
 Metabolic Englaciation   Hex/Ice        #.........   100%        5    ######.
 Yara's Violent Unravell  Hex/Tmut       #.........   100%        5    ######.


Dungeon Overview and Level Annotations

Branches:
Dungeon (10/15)            Temple (1/1) D:5         Ossuary (visited)
   Lair: D:8-11         Orc: D:9-12

Altars:
Ashenzari
Cheibriados
Dithmenos
Elyvilon
Fedhas
Gozag
Hepliaklqana
Kikubaaqudgha
Makhleb
Nemelex Xobeh
Okawaru
Qazlal
Ru
Sif Muna
Trog
Uskayaw
Vehumet
Wu Jian
Xom
Yredelemnul
Zin
The Shining One

Shops:
D:6 }}[%   D:8 *

Portals:
Trove: D:10 (give 13 potions of heal wounds)

Annotations:
D:6 2 transporters, Curus's ghost, novice DsGl


Innate Abilities, Weirdness & Mutations

You are too large for most types of armour.
You have tough skin. (AC +1)


Message History

You barely miss something. Something hits you! x2
You miss something. Something hits you.
You gain the combat prowess of a mighty hero.
Something barely misses you. Something hits you!
You closely miss something.
Something hits you. x2; Something hits you!
* * * LOW HITPOINT WARNING * * *
You hit something but do no damage. Something hits you.
* * * LOW HITPOINT WARNING * * *
Okay, then.
You feel agile all of a sudden. Something hits you.
* * * LOW HITPOINT WARNING * * *
Something misses you. Something hits you.
* * * LOW HITPOINT WARNING * * *
You barely miss something. Something hits you!
* * * LOW HITPOINT WARNING * * *
Something hits you!
* * * LOW HITPOINT WARNING * * *
Something hits you!
You die...

#.## #........# #....... #..#
#........# ......... ##.#
#........# ##....... #.#
##.####### ######## #.# #...# .
#.# ###.# #. #.# #.# .. #.# #{#
..# ####'## ###@##### ######+##
#..)[.# #.......####........
#.....#### #.......##.+........
#.....'..####.......'.<#........
#.....##....'.......####.<......
###'#########.......# #######+#
#.## #####'### #..# ###.# ##.#
#...#


There were no monsters in sight!

Vanquished Creatures
  Gastronok (D:9)
  Erica (D:9)
  A two-headed ogre (D:8)
  A gargoyle (D:10)
  A queen bee (D:9)
  A wyvern (D:9)
  A hungry ghost (D:10)
  3 hogs
  A human (D:7)
  A yak (D:7)
  Menkaure (D:4)
  A black bear (D:5)
  4 orc warriors
  A hornet zombie (D:8)
  4 ogres
  A phantom (D:5)
  A crocodile (D:7)
  4 centaurs
  5 bullfrogs
  A wyvern skeleton (D:8)
  A water moccasin skeleton (D:9)
  27 killer bees
  8 wights
  A howler monkey (D:7)
  3 crimson imps (D:6)
  A centaur zombie (Ossuary)
  A bullfrog zombie (D:8)
  3 hounds
  A human zombie (Ossuary)
  4 orc priests
  2 jellies
  8 orc wizards
  Natasha (thrice) (D:3)
  Terence (D:2)
  5 iguanas
  5 worker ants
  A killer bee zombie (D:5)
  A big kobold zombie (Ossuary)
  3 hound zombies (Ossuary)
  4 mummies
  2 hound skeletons
  A worker ant zombie (D:7)
  A howler monkey skeleton (D:6)
  A gnoll (D:1)
  7 adders
  2 shadow imps
  An ooze (D:3)
  2 adder zombies (Ossuary)
  2 adder skeletons
  2 worms
  3 dart slugs
  6 leopard geckos
  41 orcs
  7 bats
  9 giant cockroaches
  5 goblins
  4 hobgoblins
  7 kobolds
  4 quokkas
  2 ball pythons
  7 frilled lizards
  3 goblin zombies (Ossuary)
  4 hobgoblin zombies (Ossuary)
  5 jackal zombies
  5 kobold zombies
  2 leopard gecko zombies (D:6)
  An orc zombie (D:6)
  A quokka skeleton (D:9)
  8 quokka zombies (Ossuary)
  2 rats (D:3)
  2 rat zombies (Ossuary)
267 creatures vanquished.

Notes
Turn   | Place    | Note
-------+----------+-------------------------------------------
     0 | D:1      | CrazyMind the Ogre Hunter began the quest for the Orb.
     0 | D:1      | Reached XP level 1. HP: 22/22 MP: 1/1
   376 | D:1      | Reached XP level 2. HP: 21/29 MP: 2/2
   792 | D:1      | Reached XP level 3. HP: 5/37 MP: 3/3
  1233 | D:2      | Noticed Terence
  1257 | D:2      | Killed Terence
  1400 | D:2      | Reached skill level 5 in Throwing
  1400 | D:2      | Reached XP level 4. HP: 20/45 MP: 2/4
  1674 | D:2      | Found a glowing golden altar of the Shining One.
  2394 | D:3      | Found a hide-covered altar of Uskayaw.
  2810 | D:3      | Reached XP level 5. HP: 43/53 MP: 5/5
  3288 | D:3      | Noticed Natasha
  3316 | D:3      | Killed Natasha
  3669 | D:3      | Noticed Natasha
  3676 | D:3      | Killed Natasha
  3874 | D:3      | Noticed Natasha
  3878 | D:3      | Killed Natasha
  3878 | D:3      | Reached skill level 1 in Axes
  4112 | D:4      | Reached XP level 6. HP: 63/63 MP: 6/6
  4119 | D:4      | Noticed Menkaure
  4123 | D:4      | Killed Menkaure
  4123 | D:4      | Reached skill level 6 in Throwing
  4307 | D:4      | Reached skill level 5 in Fighting
  4307 | D:4      | Reached XP level 7. HP: 38/72 MP: 3/7
  4589 | D:5      | Entered Level 5 of the Dungeon
  4635 | D:5      | Found a staircase to the Ecumenical Temple.
  4639 | Temple   | Entered the Ecumenical Temple
  4852 | Temple   | Became a worshipper of Warmaster Okawaru
  6348 | D:6      | Found Ullit's Antique Armour Emporium.
  6385 | D:6      | Reached XP level 8. HP: 73/81 MP: 8/8
  6386 | D:6      | Found a sand-covered staircase.
  6392 | Ossuary  | Entered an ossuary
  6616 | Ossuary  | Reached * piety under Okawaru
  7186 | D:6      | Found Tiuruag's Gadget Shoppe.
  7396 | D:6      | Reached skill level 5 in Axes
  7706 | D:6      | Reached skill level 7 in Throwing
  7868 | D:6      | Found Ublufy's Food Shoppe.
  7931 | D:6      | Reached ** piety under Okawaru
  8321 | D:6      | Reached XP level 9. HP: 36/92 MP: 3/9
  8591 | D:6      | Found a transporter.
  8594 | D:6      | Noticed Curus's ghost (novice DsGl)
  8596 | D:6      | Found a transporter.
  8596 | D:6      | Identified the +9 dire flail "Niluproy" {pain, *Noise rF+
                  | MR+ Int+3}
  8596 | D:6      | Noticed a two-headed ogre
  8637 | D:6      | Found a shimmering blue altar of Sif Muna.
  8688 | D:6      | Found Dadang's Gadget Boutique.
  9085 | D:7      | Reached skill level 5 in Dodging
  9672 | D:7      | Reached skill level 8 in Throwing
 10002 | D:7      | Found an opulent altar of Gozag.
 10002 | D:7      | Found a basalt altar of Yredelemnul.
 10048 | D:8      | Noticed a two-headed ogre
 10248 | D:8      | Reached skill level 1 in Invocations
 10501 | D:8      | Reached *** piety under Okawaru
 10514 | D:8      | Reached XP level 10. HP: 61/104 MP: 5/11
 11169 | D:8      | Killed a two-headed ogre
 11169 | D:8      | Reached skill level 9 in Throwing
 11472 | D:8      | Found Hibbaod's Assorted Antiques.
 12087 | D:8      | Found a sacrificial altar of Ru.
 12285 | D:9      | Found a stormy altar of Qazlal.
 12338 | D:9      | Found an ornate altar of the Wu Jian Council.
 12354 | D:9      | Noticed Erica
 12370 | D:9      | Killed Erica
 12370 | D:9      | Reached **** piety under Okawaru
 12541 | D:9      | Found a glowing silver altar of Zin.
 12568 | D:9      | Noticed Gastronok
 12578 | D:9      | Killed Gastronok
 12578 | D:9      | Received a gift from Okawaru
 12578 | D:9      | Received a gift from Okawaru
 12578 | D:9      | Reached XP level 11. HP: 84/115 MP: 12/14
 12786 | D:9      | Reached skill level 5 in Invocations
 12789 | D:9      | Reached skill level 10 in Throwing
 13045 | D:9      | Received a gift from Okawaru
 13682 | D:10     | Entered Level 10 of the Dungeon
 13854 | D:10     | Found a portal to a secret trove of treasure.
 13923 | D:10     | Received a gift from Okawaru
 14120 | D:10     | HP: 4/115 [something (12)]
 14121 | D:10     | Slain by an unseen horror

Levels and vault maps discovered:
D:1:      erik_arrival_blinker_ship, layout_basic
D:2:      layout_basic, nicolae_tso_swordbearing_angel, uniq_terence
D:3:      minmay_general_purpose_star, layout_basic,
          eat_drink_and_be_merry_uskayaw, first_ration, uniq_natasha
D:4:      layout_rooms, uniq_menkaure
D:5:      layout_loops_ring, minmay_temple_entry_trees
D:6:      layout_loops_ring, lemuel_blue_sif_altar, serial_shops, shop_statue,
          shop, nicolae_shop_statue_plus, nicolae_shop_stone,
          gammafunk_ghost_smash, nicolae_ossuary_entry_giza
D:7:      layout_rooms, gammafunk_temple_overflow_elements, serial_glass,
          glass_columns_c, glass_columns_a, glass_columns_a, glass_columns_a,
          glass_columns_a, glass_columns_a, feat_on_display, grunt_livestock
D:8:      layout_rooms, nicolae_ru_path_of_blood, serial_shops,
          kennysheep_mini_moat
D:9:      layout_roguey, lemuel_crystal_altar, nicolae_qazlal_general_emergency,
          overflow_temple_1_default, minivault_7, uniq_erica, uniq_gastronok
D:10:     layout_roguey, nicolae_trove_entry_free_sample
Temple:   oiseaux_autumnal_temple

Skill      XL: |  1  2  3  4  5  6  7  8  9 10 11 |
---------------+----------------------------------+-----
Dodging        | 2 3 4 5 6 |  6.4
Fighting       | 3 4 5 6 7 9 |  9.4
Throwing       | 5 6 7 8 9 10 | 10.3
Axes           | 1 2 3 6 8 9 |  9.8
Invocations    | 1 4 5 |  5.5
Stealth        | |  0.6
Evocations     | |  0.1

Action                   |  1- 3 |  4- 6 |  7- 9 | 10-12 || total
-------------------------+-------+-------+-------+-------++-------
Melee: Short sword       |    44 |     3 |       |       ||    47
       Dagger            |    99 |   111 |       |       ||   210
       Hand axe          |       |    61 |       |       ||    61
       War axe           |       |     5 |   370 |   162 ||   537
       Flail             |       |       |       |    15 ||    15
Throw: Throwing net      |     4 |       |       |       ||     4
       Large rock        |    11 |    17 |     9 |     7 ||    44
       Stone             |    13 |    38 |    47 |       ||    98
       Dart              |     1 |    14 |    40 |    74 ||   129
       Boomerang         |       |       |    44 |    32 ||    76
       Javelin           |       |       |       |     8 ||     8
Invok: Heroism           |       |       |     1 |     9 ||    10
Evoke: Wand              |       |       |     1 |       ||     1
  Use: Potion            |       |     7 |     2 |     3 ||    12
       Scroll            |       |       |     1 |     6 ||     7
 Stab: Sleeping          |     1 |     1 |     2 |     1 ||     5
       Invisible         |       |     3 |       |       ||     3
  Eat: Chunk             |     2 |     9 |    13 |    13 ||    37
       Ration            |       |       |     2 |       ||     2
Armor: Robe              |    70 |    39 |    71 |    27 ||   207
Dodge: Dodged            |   113 |   112 |   208 |   152 ||   585
